MLB
OAKLAND ATHLETICS @ HOUSTON ASTROS
09/10/2019
 
TOP OF THE 1ST
Oakland Athletics batting - Pitching for Houston Astros : LHP Carlos Rodon
Pitching: LHP Carlos Rodon
Batting: LHB Steven Duggar 0-0: Foul Ball, location: 2F
0-1: Ball
1-1: Ground out 6-3 (Groundball, 6M, EV 100.0 MPH)
Batting: RHB Jamie Ritchie 0-0: Swinging Strike
0-1: Swinging Strike
0-2: Ball
1-2: Ball
2-2: Foul Ball, location: 2F
2-2: Foul Ball, location: 2F
2-2: Foul Ball, location: 2F
2-2: SINGLE (Groundball, 34D, EV 101.3 MPH)
Batting: RHB Jose Abreu 0-0: Grounds into double play, 6-4-3 (Groundball, 56, EV 77.5 MPH)
Top of the 1st over - 0 runs, 1 hit, 0 errors, 0 left on base; Oakland 0 - Houston 0
BOTTOM OF THE 1ST
Houston Astros batting - Pitching for Oakland Athletics : LHP Jordan Montgomery
Pitching: LHP Jordan Montgomery
Batting: SHB Jorge Polanco 0-0: Bunt for hit to 3S - play at first, batter OUT! 3-4
Batting: SHB Ben Zobrist 0-0: Called Strike
0-1: Called Strike
0-2: Ball
1-2: Ball
2-2: SINGLE (Groundball, 56D, EV 95.0 MPH)
Batting: RHB Trey Mancini 0-0: Ball
1-0: Called Strike
1-1: Foul Ball, location: 2F
1-2: Strikes out swinging
Batting: RHB Edwin Encarnacion 0-0: Ball
1-0: Ball
2-0: Ball
3-0: Base on Balls
Ben Zobrist to second
Batting: LHB Rougned Odor 0-0: Foul Ball, location: 2F
0-1: Ground out 4-3 (Groundball, 4, EV 86.9 MPH)
Bottom of the 1st over - 0 runs, 1 hit, 0 errors, 2 left on base; Oakland 0 - Houston 0
TOP OF THE 2ND
Oakland Athletics batting - Pitching for Houston Astros : LHP Carlos Rodon
Batting: RHB Rhys Hoskins 0-0: Ball
1-0: Ball
2-0: Fly out, F8 (Line Drive, 8LM, EV 94.4 MPH)
Batting: LHB Didi Gregorius 0-0: SINGLE (Groundball, 34D, EV 93.8 MPH)
Batting: RHB Mark Canha 0-0: Ball
1-0: DOUBLE (Line Drive, 78XD, EV 108.1 MPH)
Didi Gregorius to third
Batting: SHB Eduardo Escobar 0-0: Ball
1-0: Foul Ball, location: 2F
1-1: Ball
2-1: Ball
3-1: Base on Balls
Batting: RHB Mac Williamson 0-0: Called Strike
0-1: Ball
1-1: Swinging Strike
1-2: Foul Ball, location: 2F
1-2: Foul Ball, location: 2F
1-2: Foul Ball, location: 2F
1-2: Foul Ball, location: 2F
1-2: Foul Ball, location: 2F
1-2: Foul Ball, location: 2F
1-2: Ball
2-2: Foul Ball, location: 2F
2-2: Foul Ball, location: 2F
2-2: Foul Ball, location: 2F
2-2: Ball
3-2: Base on Balls
Didi Gregorius scores
Mark Canha to third
Eduardo Escobar to second
Batting: SHB Freddy Galvis 0-0: Called Strike
0-1: Foul Ball, location: 2F
0-2: Foul Ball, location: 2F
0-2: Foul Ball, location: 2F
0-2: Ball
1-2: Foul Ball, location: 2F
1-2: Strikes out swinging
Batting: LHB Steven Duggar 0-0: Ball
1-0: Called Strike
1-1: Foul Ball, location: 2F
1-2: SINGLE (Groundball, 4MD, EV 97.5 MPH)
Mark Canha scores
Eduardo Escobar to third
Mac Williamson to second
Runner from 3rd tries for Home, SAFE, no throw by CF
Batting: RHB Jamie Ritchie 0-0: Ball
1-0: Foul Ball, location: 2F
1-1: SINGLE (Groundball, 5L, EV 105.0 MPH)
Mac Williamson to third
Steven Duggar to second
Batting: RHB Jose Abreu 0-0: Fielders Choice at 2nd, 6-4 (Groundball, 6, EV 98.8 MPH)
Top of the 2nd over - 3 runs, 4 hits, 0 errors, 3 left on base; Oakland 3 - Houston 0
BOTTOM OF THE 2ND
Houston Astros batting - Pitching for Oakland Athletics : LHP Jordan Montgomery
Pitching: RHP Michael Feliz
Batting: RHB Brian W. Anderson 0-0: Ball
1-0: Called Strike
1-1: Ball
2-1: Swinging Strike
2-2: Foul Ball, location: 2F
2-2: Foul Ball, location: 2F
2-2: Strikes out looking
Batting: LHB Jason Heyward 0-0: Ball
1-0: Called Strike
1-1: Fly out, F8 (Line Drive, 8LM, EV 92.5 MPH)
Batting: SHB Tucker Barnhart 0-0: Foul Ball, location: 2F
0-1: Foul Ball, location: 2F
0-2: Foul Ball, location: 2F
0-2: Ball
1-2: Ball
2-2: Ball
3-2: Ground out 4-3 (Groundball, 4, EV 96.9 MPH)
Bottom of the 2nd over - 0 runs, 0 hits, 0 errors, 0 left on base; Oakland 3 - Houston 0
TOP OF THE 3RD
Oakland Athletics batting - Pitching for Houston Astros : LHP Carlos Rodon
Batting: RHB Rhys Hoskins 0-0: Ball
1-0: Foul Ball, location: 2F
1-1: Ball
2-1: Foul Ball, location: 2F
2-2: Ground out 6-3 (Groundball, 6, EV 91.9 MPH)
Batting: LHB Didi Gregorius 0-0: Called Strike
0-1: Ball
1-1: Ball
2-1: Ball
3-1: Base on Balls
Batting: RHB Mark Canha 0-0: Ball
1-0: Foul Ball, location: 2F
1-1: Called Strike
1-2: Ball
2-2: 2-RUN HOME RUN (Flyball, 7D, EV 107.5 MPH), Distance : 390 ft
Pitching: RHP Thomas Hackimer
Batting: SHB Eduardo Escobar 0-0: Foul Ball, location: 2F
0-1: Ball
1-1: Swinging Strike
1-2: Foul Ball, location: 2F
1-2: Reached on error, E4 (Popup, 4, EV 52.5 MPH)
Batting: RHB Mac Williamson 0-0: SINGLE (Flyball, 7LS, EV 93.1 MPH)
Eduardo Escobar to second
Batting: SHB Freddy Galvis 0-0: Swinging Strike
0-1: Ball
1-1: Foul Ball, location: 2F
1-2: Foul Ball, location: 2F
1-2: Ball
2-2: Strikes out swinging
Batting: LHB Steven Duggar 0-0: Ball
1-0: Swinging Strike
1-1: Ball
2-1: Fly out, F5 (Popup, 5F, EV 66.9 MPH)
Top of the 3rd over - 2 runs, 2 hits, 1 error, 2 left on base; Oakland 5 - Houston 0
BOTTOM OF THE 3RD
Houston Astros batting - Pitching for Oakland Athletics : RHP Michael Feliz
Batting: RHB Jorge Bonifacio 0-0: Ball
1-0: Called Strike
1-1: Swinging Strike
1-2: Strikes out swinging
Batting: SHB Jorge Polanco 0-0: SINGLE (Flyball, 9LM, EV 85.6 MPH)
Batting: SHB Ben Zobrist 0-0: Foul Ball, location: 2F
0-1: Ball
1-1: Foul Ball, location: 2F
1-2: Ball
2-2: Fielders Choice at 2nd, 4-6 (Groundball, 4D, EV 106.3 MPH)
Pitching: RHP Justin R. Miller
Batting: RHB Trey Mancini 0-0: Called Strike
0-1: Ball
1-1: Swinging Strike
1-2: Ball
2-2: Strikes out swinging
Bottom of the 3rd over - 0 runs, 1 hit, 0 errors, 1 left on base; Oakland 5 - Houston 0
TOP OF THE 4TH
Oakland Athletics batting - Pitching for Houston Astros : RHP Thomas Hackimer
Batting: RHB Jamie Ritchie 0-0: Ball
1-0: Foul Ball, location: 2F
1-1: Ball
2-1: Ball
3-1: Swinging Strike
3-2: Foul Ball, location: 2F
3-2: Base on Balls
Batting: RHB Jose Abreu 0-0: Called Strike
0-1: Grounds into double play, 6-4-3 (Groundball, 6, EV 86.9 MPH)
Batting: RHB Rhys Hoskins 0-0: Ball
1-0: Swinging Strike
1-1: Ball
2-1: Foul Ball, location: 2F
2-2: Strikes out looking
Top of the 4th over - 0 runs, 0 hits, 0 errors, 0 left on base; Oakland 5 - Houston 0
BOTTOM OF THE 4TH
Houston Astros batting - Pitching for Oakland Athletics : RHP Justin R. Miller
Batting: RHB Edwin Encarnacion 0-0: SINGLE (Line Drive, 8LS, EV 106.9 MPH)
Batting: LHB Rougned Odor 0-0: SINGLE (Line Drive, 78S, EV 100.6 MPH)
Edwin Encarnacion to second
Batting: RHB Brian W. Anderson 0-0: Ball
1-0: SINGLE (Line Drive, 6D, EV 98.1 MPH)
Edwin Encarnacion to third
Rougned Odor to second
Batting: LHB Jason Heyward 0-0: Ball
1-0: Foul Ball, location: 2F
1-1: Called Strike
1-2: Ball
2-2: SINGLE (Groundball, 3D, EV 93.8 MPH)
Edwin Encarnacion scores
Rougned Odor to third
Brian W. Anderson to second
Batting: SHB Tucker Barnhart 0-0: Ball
1-0: Called Strike
1-1: Foul Ball, location: 2F
1-2: Strikes out swinging
Batting: RHB Jorge Bonifacio 0-0: Called Strike
0-1: Ball
1-1: Swinging Strike
1-2: Strikes out swinging
Batting: SHB Jorge Polanco 0-0: Called Strike
0-1: Ball
1-1: Foul Ball, location: 2F
1-2: Strikes out swinging
Bottom of the 4th over - 1 run, 4 hits, 0 errors, 3 left on base; Oakland 5 - Houston 1
TOP OF THE 5TH
Oakland Athletics batting - Pitching for Houston Astros : RHP Thomas Hackimer
Batting: LHB Didi Gregorius 0-0: Swinging Strike
0-1: Ball
1-1: Swinging Strike
1-2: SINGLE (Line Drive, 7S, EV 94.4 MPH)
Batting: RHB Mark Canha 0-0: Grounds into double play, 6-4-3 (Groundball, 6M, EV 98.8 MPH)
Batting: SHB Eduardo Escobar 0-0: Ball
1-0: Called Strike
1-1: Foul Ball, location: 2F
1-2: Ball
2-2: Fly out, F9 (Flyball, 9D, EV 91.9 MPH)
Top of the 5th over - 0 runs, 1 hit, 0 errors, 0 left on base; Oakland 5 - Houston 1
BOTTOM OF THE 5TH
Houston Astros batting - Pitching for Oakland Athletics : RHP Justin R. Miller
Batting: SHB Ben Zobrist 0-0: Foul Ball, location: 2F
0-1: Fly out, F8 (Line Drive, 8RD, EV 91.9 MPH)
Batting: RHB Trey Mancini 0-0: Swinging Strike
0-1: Ball
1-1: Foul Ball, location: 2F
1-2: Foul Ball, location: 2F
1-2: Strikes out swinging
Batting: RHB Edwin Encarnacion 0-0: Fly out, F8 (Flyball, 8RD, EV 85.6 MPH)
Bottom of the 5th over - 0 runs, 0 hits, 0 errors, 0 left on base; Oakland 5 - Houston 1
TOP OF THE 6TH
Oakland Athletics batting - Pitching for Houston Astros : RHP Thomas Hackimer
Batting: RHB Mac Williamson 0-0: Swinging Strike
0-1: Foul Ball, location: 2F
0-2: Strikes out swinging
Batting: SHB Freddy Galvis 0-0: Called Strike
0-1: Ball
1-1: Ball
2-1: Ball
3-1: Base on Balls
Pitching: RHP Paul Sewald
Batting: LHB Steven Duggar 0-0: SINGLE (Flyball, 89S, EV 90.0 MPH)
Freddy Galvis to second
Batting: RHB Jamie Ritchie 0-0: Ball
1-0: Ball
2-0: Ball
3-0: Base on Balls
Freddy Galvis to third
Steven Duggar to second
Batting: RHB Jose Abreu 0-0: Ball
1-0: Called Strike
1-1: Foul Ball, location: 2F
1-2: Strikes out swinging
Batting: RHB Rhys Hoskins 0-0: Swinging Strike
0-1: Ball
1-1: Foul Ball, location: 2F
1-2: Ball
2-2: Foul Ball, location: 2F
2-2: GRAND SLAM HOME RUN (Flyball, 7LD, EV 102.5 MPH), Distance : 328 ft
Batting: LHB Didi Gregorius 0-0: Foul Ball, location: 2F
0-1: Fly out, F9 (Flyball, 9S, EV 85.6 MPH)
Top of the 6th over - 4 runs, 2 hits, 0 errors, 0 left on base; Oakland 9 - Houston 1
BOTTOM OF THE 6TH
Houston Astros batting - Pitching for Oakland Athletics : RHP Justin R. Miller
Batting: LHB Rougned Odor 0-0: Called Strike
0-1: Ground out 4-3 (Groundball, 4, EV 88.1 MPH)
Batting: RHB Brian W. Anderson 0-0: Called Strike
0-1: Ball
1-1: Ball
2-1: SINGLE (Line Drive, 4D, EV 98.8 MPH)
Pitching: RHP Chasen Bradford
Batting: LHB Jason Heyward 0-0: Called Strike
0-1: Foul Ball, location: 2F
0-2: Ball
1-2: Foul Ball, location: 2F
1-2: Strikes out swinging
Batting: SHB Tucker Barnhart 0-0: Fly out, F7 (Line Drive, 7, EV 89.4 MPH)
Bottom of the 6th over - 0 runs, 1 hit, 0 errors, 1 left on base; Oakland 9 - Houston 1
TOP OF THE 7TH
Oakland Athletics batting - Pitching for Houston Astros : RHP Paul Sewald
Pinch Hitting: LHB Herschel Powell 0-0: Ball
1-0: Ball
2-0: Ball
3-0: Base on Balls
Pinch Hitting: LHB Shedric Long 0-0: Ball
1-0: Ball
2-0: Foul Ball, location: 2F
2-1: Grounds into double play, 4-6-3 (Groundball, 4, EV 84.4 MPH)
Batting: RHB Mac Williamson 0-0: Ball
1-0: Fly out, F8 (Flyball, 89M, EV 86.9 MPH)
Top of the 7th over - 0 runs, 0 hits, 0 errors, 0 left on base; Oakland 9 - Houston 1
BOTTOM OF THE 7TH
Houston Astros batting - Pitching for Oakland Athletics : RHP Chasen Bradford
Now at 3B: Shedric Long
Now in RF: Herschel Powell
Batting: RHB Jorge Bonifacio 0-0: Foul Ball, location: 2F
0-1: DOUBLE (Flyball, 8LXD, EV 91.9 MPH)
Batting: SHB Jorge Polanco 0-0: Ball
1-0: Called Strike
1-1: Swinging Strike
1-2: Fly out, F9 (Flyball, 9S, EV 89.4 MPH)
Batting: SHB Ben Zobrist 0-0: Called Strike
0-1: Ball
1-1: Ball
2-1: Foul Ball, location: 2F
2-2: Ball
3-2: Ground out 6-3 (Groundball, 4M, EV 100.6 MPH)
Jorge Bonifacio to third
Batting: RHB Trey Mancini 0-0: Ball
1-0: Foul Ball, location: 2F
1-1: Ball
2-1: Fly out, F9 (Flyball, 9S, EV 85.6 MPH)
Bottom of the 7th over - 0 runs, 1 hit, 0 errors, 1 left on base; Oakland 9 - Houston 1
TOP OF THE 8TH
Oakland Athletics batting - Pitching for Houston Astros : RHP Paul Sewald
Batting: SHB Freddy Galvis 0-0: Ground out 1-3 (Groundball, 34S, EV 85.0 MPH)
Batting: LHB Steven Duggar 0-0: Ground out 4-3 (Groundball, 4, EV 97.5 MPH)
Batting: RHB Jamie Ritchie 0-0: SINGLE (Groundball, 3D, EV 98.8 MPH)
Batting: RHB Jose Abreu 0-0: Called Strike
0-1: Ball
1-1: Foul Ball, location: 2F
1-2: Fielders Choice at 2nd, 6-4 (Groundball, 6, EV 89.4 MPH)
Top of the 8th over - 0 runs, 1 hit, 0 errors, 1 left on base; Oakland 9 - Houston 1
BOTTOM OF THE 8TH
Houston Astros batting - Pitching for Oakland Athletics : RHP Chasen Bradford
Batting: RHB Edwin Encarnacion 0-0: SOLO HOME RUN (Flyball, 78XD, EV 101.3 MPH), Distance : 411 ft
Batting: LHB Rougned Odor 0-0: Ball
1-0: Swinging Strike
1-1: SINGLE (Line Drive, 89M, EV 91.3 MPH)
Batting: RHB Brian W. Anderson 0-0: Swinging Strike
0-1: Ball
1-1: Foul Ball, location: 2F
1-2: Foul Ball, location: 2F
1-2: Fly out, F6 (Line Drive, 6, EV 60.6 MPH)
Pitching: RHP Blake Parker
Batting: LHB Jason Heyward 0-0: Ball
1-0: Swinging Strike
1-1: Swinging Strike
1-2: Ball
2-2: Strikes out looking
Batting: SHB Tucker Barnhart 0-0: Ball
1-0: Fly out, F8 (Flyball, 8LD, EV 93.8 MPH)
Bottom of the 8th over - 1 run, 2 hits, 0 errors, 1 left on base; Oakland 9 - Houston 2
TOP OF THE 9TH
Oakland Athletics batting - Pitching for Houston Astros : RHP Paul Sewald
Batting: RHB Rhys Hoskins 0-0: Called Strike
0-1: Swinging Strike
0-2: Strikes out swinging
Batting: LHB Didi Gregorius 0-0: Called Strike
0-1: Swinging Strike
0-2: Ball
1-2: Strikes out looking
Batting: LHB Herschel Powell 0-0: Ball
1-0: SOLO HOME RUN (Flyball, 9D, EV 98.8 MPH), Distance : 383 ft
Batting: LHB Shedric Long 0-0: Called Strike
0-1: Foul Ball, location: 2F
0-2: Ball
1-2: Foul Ball, location: 2F
1-2: SINGLE (Popup, 4D, EV 54.4 MPH)
Batting: RHB Mac Williamson 0-0: Ball
Wild Pitch!
Shedric Long to second
1-0: Foul Ball, location: 2F
1-1: Swinging Strike
1-2: Strikes out swinging
Top of the 9th over - 1 run, 2 hits, 0 errors, 1 left on base; Oakland 10 - Houston 2
BOTTOM OF THE 9TH
Houston Astros batting - Pitching for Oakland Athletics : RHP Blake Parker
Batting: RHB Jorge Bonifacio 0-0: Foul Ball, location: 2F
0-1: Ball
1-1: Ground out 6-3 (Groundball, 6, EV 101.9 MPH)
Batting: SHB Jorge Polanco 0-0: Fly out, F8 (Flyball, 8RD, EV 92.5 MPH)
Batting: SHB Ben Zobrist 0-0: Foul Ball, location: 2F
0-1: Fly out, F8 (Flyball, 8RS, EV 77.5 MPH)
Bottom of the 9th over - 0 runs, 0 hits, 0 errors, 0 left on base; Oakland 10 - Houston 2
Sunday, December 15th, 2019 - OOTP Baseball 20.8 Build 73